 Dungeon Crawl Stone Soup version 0.29-a0-495-g17b79114eb (webtiles) character file.

Game seed: 17063727636174464396

60 Sabo the Ducker (level 3, -1/28 HPs)
             Began as a Demonspawn Gladiator on May 27, 2022.
             Was an Initiate of Yredelemnul.
             Slain by Grinder (5 damage)
             ... while paralysed by Grinder
             ... on level 3 of the Dungeon.
             The game lasted 00:14:59 (2611 turns).

Sabo the Ducker (Demonspawn Gladiator)              Turns: 2611, Time: 00:15:00

Health: -1/28      AC:  4    Str: 16    XL:     3   Next: 82%
Magic:  3/3        EV:  2    Int:  9    God:    Yredelemnul [......]
Gold:   67         SH:  0    Dex: 14    Spells: 2/2 levels left

rFire   . . .      SeeInvis .   a - +0 war axe
rCold   . . .      Faith    .   (no shield)
rNeg    . . .      Spirit   .   b - +0 leather armour
rPois   +          Reflect  .   c - +0 helmet
rElec   .          Harm     .   (no cloak)
rCorr   .          Rampage  .   (no gloves)
Will    .....                   (no boots)
Stlth   +.........              (no amulet)
HPRegen 0.09/turn               f - ring of poison resistance
MPRegen 0.08/turn               (no ring)

@: paralysed
A: powered by pain 1, demonic touch 1
a: Renounce Religion, Recall Undead Harvest


You were on level 3 of the Dungeon.
You worshipped Yredelemnul.
Yredelemnul was noncommittal.
You visited 1 branch of the dungeon, and saw 3 of its levels.

You collected 67 gold pieces.

Inventory:

Hand Weapons
 a - a +0 war axe (weapon)
 k - a +2 dagger of venom
 o - a +0 hunting sling
Missiles
 d - 3 throwing nets (quivered)
 e - a javelin
Armour
 b - a +0 leather armour (worn)
 c - a +0 helmet (worn)
Jewellery
 f - a ring of poison resistance (left hand)
 i - a ring of ice
 n - an amulet of faith
Wands
 p - a wand of iceblast (7)
Scrolls
 h - a scroll of magic mapping
 j - a scroll of identify {unknown}
Potions
 g - 2 potions of curing {unknown}
 l - a potion of ambrosia {unknown}
 m - 2 potions of magic {unknown}
 q - a potion of attraction {unknown}


   Skills:
 + Level 2.4 Fighting
 + Level 3.2 Axes
 + Level 1.8 Throwing
 + Level 1.2 Armour
 + Level 3.2 Dodging


You had 2 spell levels left.
You didn't know any spells.
Your spell library contained the following spells:

 Spells                   Type           Power      Damage    Failure   Level
 Slow                     Hex            0%         N/A       45%         1
 Confusing Touch          Hex            0%         N/A       83%         3
 Vampiric Draining        Necr           0%         2d6       83%         3


Dungeon Overview and Level Annotations

Branches:
Dungeon (3/15)

Altars:
Yredelemnul

Annotations:
D:3 Grinder


Innate Abilities, Weirdness & Mutations

You sometimes gain a little power by taking damage.
Your touch may inflict minor irresistible damage on your foes.


Message History

Found 13 gold pieces.
You barely miss Grinder. Your touch misses Grinder. Grinder hits you.
You writhe in agony.
You closely miss Grinder.
You touch Grinder.
Grinder is lightly wounded.
Grinder blinks!
You hit Grinder but do no damage. Your touch misses Grinder.
Grinder is lightly wounded.
Grinder hits you.
You writhe in agony.
You hit Grinder. Your touch misses Grinder.
Grinder is moderately wounded.
Grinder blinks!
Grinder gestures at you.
You barely resist. You slash Grinder! Your touch misses Grinder.
Grinder is moderately wounded.
Grinder hits you but does no damage.
You slash Grinder!
Grinder is severely wounded.
Grinder says, "Make like a tree!"
Grinder hits you but does no damage.
You closely miss Grinder.
Grinder is severely wounded.
Grinder gestures at you. Pain shoots through your body!
Grinder hits you but does no damage.
You slash Grinder! Your touch misses Grinder.
Grinder is almost dead.
Grinder gestures at you. You resist with significant effort.
You hit Grinder. Your touch misses Grinder.
Grinder is almost dead.
Grinder hits you.
You writhe in agony.
You barely miss Grinder.
Grinder is almost dead.
Grinder gestures at you.
You suddenly lose the ability to move!
Grinder hits you.
* * * LOW HITPOINT WARNING * * *
Grinder hits you.
You die...
Your body rises from the dead as a mindless zombie.

.....^..##.###...#
.###.##.##.# #
#.##.##.#
#.##.##.# #
###.#..##.#
#.#...#.###.#
#.#...#.# #.#
##.#...5...# #.#
.......@...###.###
###.:.>...........
#...............
#.##...#.......$
.. ###...<......
#. #.....#.#.# #
#....###..# ###...
### #....


You could see Grinder.

Vanquished Creatures
  4 endoplasms
  3 giant cockroaches
  7 goblins
  4 hobgoblins
  2 jackals (D:3)
  4 kobolds
  4 quokkas
  4 ball pythons
  5 bats
  4 frilled lizards (D:1)
  2 rats
43 creatures vanquished.

Vanquished Creatures (collateral kills)
  A ball python (D:1)
  4 bats
  A quokka (D:2)
  A frilled lizard (D:1)
  A kobold (D:2)
8 creatures vanquished.

Vanquished Creatures (others)
  2 bat zombies
2 creatures vanquished.

Grand Total: 53 creatures vanquished

Notes
Turn   | Place    | Note
-------+----------+-------------------------------------------
     0 | D:1      | Sabo the Demonspawn Gladiator began the quest for the Orb.
     0 | D:1      | Reached XP level 1. HP: 16/16 MP: 1/1
   407 | D:1      | Gained mutation: Your touch may inflict minor irresistible
                  | damage on your foes. [demonic ancestry]
   407 | D:1      | Reached XP level 2. HP: 22/22 MP: 2/2
   984 | D:1      | Found a faded altar of an unknown god.
  1031 | D:1      | Prayed at the altar of an unknown god.
  1031 | D:1      | Became a worshipper of Yredelemnul the Dark
  1031 | D:1      | Reached * piety under Yredelemnul
  1256 | D:1      | Gained mutation: You sometimes gain a little power by
                  | taking damage. [demonic ancestry]
  1256 | D:1      | Reached XP level 3. HP: 28/28 MP: 3/3
  1323 | D:1      | Reached ** piety under Yredelemnul
  1608 | D:2      | Reached skill level 1 in Armour
  2586 | D:3      | Noticed Grinder
  2610 | D:3      | Paralysed by Grinder for 5 turns
  2611 | D:3      | Slain by Grinder

Illustrated notes

Levels and vault maps discovered:
D:1:      dpeg_arrival_signposts, layout_basic, ebering_ecumenical_altar_webs
D:2:      layout_loops_corners
D:3:      layout_loops_ring, mainiacjoe_overflow_paths,
          pf_guarded_unrand_woodcutter, uniq_grinder, uniq_crazy_yiuf_cottage

Skill      XL: |  1  2  3 |
---------------+----------+-----
Dodging        | 3 |  3.2
Axes           | 3 |  3.2
Armour         | 1 |  1.2
Fighting       | |  2.4
Throwing       | |  1.8

Action                   || total
-------------------------++-------
Melee: War axe           ||   116
       Touch             ||    14
       Punch             ||     1
  Use: Scroll            ||     1
Armor: Leather armour    ||    59
Dodge: Dodged            ||    90

Table legend: (Time is in decaauts)
 A = Elapsed time spent in this place.
 B = Non-inter-level travel time spent in this place.
 C = Inter-level travel time spent in this place.
 D = Time resting spent in this place.
 E = Time spent auto-exploring this place.
 F = Levels seen in this place.
 G = Mean time per level.
                   A        B        C        D        E       F      G
               +--------+--------+--------+--------+--------+-----+--------+
         Total |   2651 |   2651 |      0 |    461 |      0 |   3 |  883.7 |
       Dungeon |   2651 |   2651 |      0 |    461 |      0 |   3 |  883.7 |
               +--------+--------+--------+--------+--------+-----+--------+

Top non-repeatable levels by time:
     D:1: 1467 daAuts
     D:2: 1137 daAuts
     D:3: 46 daAuts
